 Dungeon Crawl Stone Soup version 0.20.1-1-g8b1a95d (webtiles) character file.

168 potam12345 the Ruffian (level 5, -6/53 HPs)
             Began as a Troll Fighter on July 8, 2017.
             Was an Initiate of Vehumet.
             Killed from afar by Blork the orc (12 damage)
             ... with a puff of flame
             ... on level 3 of the Dungeon.
             The game lasted 00:52:13 (2585 turns).

potam12345 the Ruffian (Troll Fighter)              Turns: 2585, Time: 00:52:13

Health: -6/53      AC:  8    Str: 30    XL:     5   Next: 24%
Magic:  13/13      EV:  8    Int:  4    God:    Vehumet [......]
Gold:   154        SH:  9    Dex:  9    Spells: 4/4 levels left

rFire    . . .     SeeInvis .   o - +1 flail
rCold    . . .     Gourm    +   b - +0 shield
rNeg     . . .     Faith    .   a - +0 robe
rPois    .         Spirit   .   (helmet restricted)
rElec    .         Reflect  .   n - +2 cloak
rCorr    .         Harm     .   (gloves unavailable)
MR       .....                  (boots unavailable)
Stlth    +.........             (no amulet)
Regen    0.6/turn               q - ring of magical power
MPRegen  0.2/turn               (no ring)

@: mighty
A: unfitting armour, claws 3, fast metabolism 3, gourmand, regeneration 1,
shaggy fur 1, tough skin 2
a: Renounce Religion


You were on level 3 of the Dungeon.
You worshipped Vehumet.
Vehumet was noncommittal.
You were completely stuffed.

You visited 1 branch of the dungeon, and saw 4 of its levels.

You collected 154 gold pieces.

Inventory:

Hand Weapons
 o - a +1 flail (weapon)
 r - a +1 hand axe of chopping
 u - a +0 dagger
 v - a +0 short sword
Armour
 a - a +0 robe (worn)
 b - a +0 shield (worn)
 f - a +0 pair of boots
 n - a +2 cloak (worn)
Jewellery
 q - a ring of magical power (left claw)
Scrolls
 e - 5 scrolls of identify
 k - a scroll of enchant armour
 l - 2 scrolls of remove curse
 s - 2 scrolls of fear
Potions
 g - a potion of agility {unknown}
 h - a potion of haste {unknown}
 i - 2 potions of flight {unknown}
 j - 3 potions of curing {unknown}
 m - a potion of lignification {unknown}
 p - a potion of brilliance {unknown}
Comestibles
 d - a bread ration
 t - 5 chunks of flesh


   Skills:
 + Level 3.0 Fighting
 + Level 0.6 Maces & Flails
 + Level 2.9 Dodging
 + Level 3.3 Shields
 + Level 3.4 Unarmed Combat


You had 4 spell levels left.
You didn't know any spells.

Dungeon Overview and Level Annotations

Branches:
Dungeon (4/15)
 Temple: D:4-7

Altars:
Elyvilon
Okawaru
Vehumet

Annotations:
D:3 Blork the orc


Innate Abilities, Weirdness & Mutations

You are too large for most types of armour.
You have claws for hands.
Your metabolism is lightning-fast.
You like to eat raw meat.
Your natural rate of healing is unusually fast.
You are covered in fur. (AC +1)
You have very tough skin. (AC +2)


Message History

Blork the orc hits you with a scimitar.
* * * LOW HITPOINT WARNING * * *
The centaur skeleton hits you but does no damage.
The centaur skeleton closely misses you.
There is a stone staircase leading up, spattered with blood here.
You see here a frilled lizard corpse.
The centaur skeleton hits you but does no damage.
Blork the orc hits you with a scimitar.
* * * LOW HITPOINT WARNING * * *
You climb upwards.
There is a stone staircase leading down here.
Blork the orc hits you with a scimitar.
* * * LOW HITPOINT WARNING * * *
Blork the orc points at you and mumbles some strange words.
You block the puff of frost.
Blork the orc casts a spell.
Blork the orc seems to speed up.
Blork the orc casts a spell at you. The puff of flame hits you!
You die...

#.# ####.....# #.#
#....####### #.#
#..........# #.#
#....####### # #.#
#...o.....# ######
##.###.....###.######.....
#......>...#..............
######[....#.#............
#.).@.#.#######......
#####.#..............
#####....###..#..####
#........'....#..#
#........##...#..#
#.............#..#
#......#...#..#..#
###...###.###....#
#.#..#...#.....####


You could see Blork the orc.

Vanquished Creatures
  A hound (D:3)
  Terence (D:3)
  4 adders
  2 oozes
  A worm (D:2)
  3 dart slugs
  3 leopard geckos
  4 orcs (D:3)
  2 ball pythons (D:1)
  4 bats
  4 giant cockroaches
  4 goblins
  5 hobgoblins
  2 quokkas (D:3)
  3 frilled lizards
  6 kobolds
  6 rats
55 creatures vanquished.

Notes
Turn   | Place    | Note
-------+----------+-------------------------------------------
     0 | D:1      | potam12345 the Troll Fighter began the quest for the Orb.
     0 | D:1      | Reached XP level 1. HP: 22/22 MP: 0/0
    59 | D:1      | Reached XP level 2. HP: 27/29 MP: 1/1
   525 | D:1      | Reached XP level 3. HP: 33/36 MP: 2/2
   763 | D:2      | Found an iron altar of Okawaru.
   946 | D:2      | Reached XP level 4. HP: 44/44 MP: 3/3
   967 | D:2      | Found a white marble altar of Elyvilon.
  1532 | D:3      | Noticed Terence
  1542 | D:3      | Killed Terence
  1830 | D:3      | Found a radiant altar of Vehumet.
  1845 | D:3      | Became a worshipper of Vehumet
  2435 | D:4      | Noticed Blork the orc
  2481 | D:3      | Reached XP level 5. HP: 25/53 MP: 4/4
  2572 | D:4      | HP: 1/53 [Blork the orc/scimitar (6)]
  2585 | D:3      | Killed from afar by Blork the orc

Skill      XL: |  1  2  3  4 |
---------------+-------------+-----
Unarmed Combat | 3 |  3.4
Shields        | 3 |  3.3
Fighting       | 3 |  3.0
Maces & Flails | |  0.6
Dodging        | |  2.9

Action                   |  1- 3 |  4- 6 || total
-------------------------+-------+-------++-------
Melee: Unarmed           |    75 |    24 ||    99
       Flail             |       |    84 ||    84
  Use: Scroll            |     2 |     6 ||     8
       Potion            |       |     1 ||     1
  Eat: Chunk             |     5 |    15 ||    20
       Meat ration       |       |     1 ||     1
       Bread ration      |       |     1 ||     1
Armor: Robe              |    24 |    71 ||    95
Dodge: Dodged            |    32 |    71 ||   103
Block: Shield            |    35 |    87 ||   122
